 Dungeon Crawl Stone Soup version 0.13-a0-2557-g7ea0453 (console) character file.

478 Kellhus the Basher (level 6, 0/46 HPs)
             Began as a Mummy Chaos Knight on July 29, 2013.
             Was a Plaything of Xom.
             Slain by a scorpion (7 damage)
             ... on Level 3 of the Dungeon.
             The game lasted 00:05:59 (3573 turns).

Kellhus the Basher (Mummy Chaos Knight)             Turns: 3573, Time: 00:06:00

HP   0/46        AC 10     Str 17      XL: 6   Next: 24%
MP   6/6         EV  4     Int 11      God: Xom
Gold 152         SH  0     Dex 11      Spells:  0 memorised,  5 levels left

Res.Fire  : x . .   See Invis. : .   l - -1,+0 orc whip
Res.Cold  : + . .   Warding    : .   e - +0 orc plate armour
Life Prot.: + + +   Conserve   : .   (no shield)
Res.Poison: +       Res.Corr.  : .   (no helmet)
Res.Elec. : .       Clarity    : .   (no cloak)
Sust.Abil.: . .     Spirit.Shd : .   (no gloves)
Res.Mut.  : .       Stasis     : .   (no boots)
Res.Rott. : +       Flight     : .   (no amulet)
Saprovore : . . .                    (no ring)
                                     c - ring of teleport control

@: somewhat resistant to hostile enchantments, extremely unstealthy
A: no food or potions, fire vulnerability, restore body, cold resistance 1, life
protection 3, poison resistance, torment resistance, unbreathing
a: Renounce Religion, Evoke Teleport Control


You were on level 3 of the Dungeon.
You worshipped Xom.
You were a beloved toy of Xom.
You were not hungry.

You visited 1 branch of the dungeon, and saw 4 of its levels.

You collected 132 gold pieces.

Inventory:

Hand weapons
 a - a +0,-3 mace of chaos
 i - a +0,+0 short sword
 l - a -1,+0 orcish whip (weapon)
 n - a +0,+0 long sword
Armour
 b - a +2 leather armour
 e - a +0 orcish plate armour (worn)
 m - a +1 shield
Scrolls
 d - a scroll of teleportation {unknown}
 f - 2 scrolls of remove curse {unknown}
 g - 5 scrolls of identify {unknown}
 h - a scroll of blinking {unknown}
 j - a scroll of magic mapping {unknown}
 k - a scroll of fear {unknown}
Jewellery
 c - a ring of teleport control (left hand)


   Skills:
 - Level 3.0 Fighting
 + Level 10.6 Maces & Flails
 - Level 1.5 Armour
 - Level 0.7 Dodging


You had 5 spell levels left.
You didn't know any spells.

Dungeon Overview and Level Annotations

Branches:
Dungeon (4/27)
 Temple: D:4-7

Altars:
Elyvilon


Innate Abilities, Weirdness & Mutations

You do not eat or drink.
Your flesh is vulnerable to fire.
Your flesh is cold resistant.
You are immune to negative energy.
Your system is resistant to poisons.
You are immune to unholy pain and torment.
You can survive without breathing.


Message History

The orc priest hits you but does no damage.
Your plate armour prevents you from hitting the orc priest.
The orc priest is almost dead. "Hum-dee-hum-dee-hum..."
The orc priest evaporates and reforms as a scorpion!
Press: ? - help, v - describe, . - travel, g - get item
Here: a scorpion (almost dead)
An orcish trident.
There is something else lying underneath.
The floor, spattered with blood.
Your plate armour prevents you from hitting the scorpion.
The scorpion is almost dead.
The scorpion stings you but does no damage.
You hit the scorpion but do no damage.
The scorpion is almost dead.
You hit the scorpion but do no damage.
The scorpion is almost dead.
The scorpion stings you!
You die... "I guess I need a new plaything now."

####### #.....# # #.....#
# #...!.# # #.....# ###
#.....########### ..#
##.......@s.....>#
#.######<......########.#
.....%..................#
########.##....#.#####..#
.........##....#.# #..#
############(#.#.# #..#
######........#####..#
#.........#...##.....#
#.........#.(.##.###.#


You could see a scorpion.

Vanquished Creatures
  An orc priest (D:3)
  3 orc wizards (D:3)
  A jelly (D:3)
  A giant mite (D:3)
  9 orcs
  3 adders
  A ball python (D:2)
  5 giant cockroaches
  6 goblins
  9 hobgoblins
  3 jackals (D:3)
  3 quokkas
  9 bats
  8 giant newts
  7 kobolds
  9 rats
78 creatures vanquished.

Vanquished Creatures (others)
  An orc wizard (D:3)
  A rat (D:2)
2 creatures vanquished.

Grand Total: 80 creatures vanquished

Notes
Turn   | Place    | Note
--------------------------------------------------------------
     0 | D:1      | Kellhus, the Mummy Chaos Knight, began the quest for the Orb.
     0 | D:1      | Reached XP level 1. HP: 16/16 MP: 1/1
    97 | D:1      | XOM: divination: detect items
   177 | D:1      | Reached XP level 2. HP: 22/22 MP: 2/2
   181 | D:1      | XOM: harmless Tloc miscast
   933 | D:2      | Reached XP level 3. HP: 28/28 MP: 3/3
   961 | D:2      | Found a white marble altar of Elyvilon.
  1802 | D:3      | XOM: divination: detect items
  1811 | D:3      | XOM: divination: detect creatures
  1991 | D:3      | Reached skill level 4 in Maces & Flails
  2056 | D:3      | Reached XP level 4. HP: 34/34 MP: 4/4
  2081 | D:4      | XOM: divination: detect creatures
  2082 | D:4      | Noticed a giant frog
  2160 | D:3      | XOM: harmless Summ miscast
  2332 | D:3      | XOM: divination: detect items
  2385 | D:3      | XOM: potion effect (experience)
  2385 | D:3      | Reached skill level 10 in Maces & Flails
  2385 | D:3      | Reached XP level 5. HP: 37/39 MP: 5/5
  2423 | D:3      | XOM: colour smoke trail
  2851 | D:3      | XOM: polymorph orc priest -> jelly
  2934 | D:3      | Reached XP level 6. HP: 42/46 MP: 6/6
  3004 | D:3      | XOM: polymorph orc -> rat
  3136 | D:2      | XOM: colour smoke trail
  3239 | D:2      | XOM: god gift: 13 gold pieces
  3256 | D:2      | XOM: god gift: shield {god gift}
  3570 | D:3      | XOM: polymorph orc priest -> scorpion
  3573 | D:3      | Slain by a scorpion

Action                   |  1- 3 |  4- 6 || total
-------------------------+-------+-------++-------
Melee: Mace              |   154 |   105 ||   259
       Whip              |       |    75 ||    75
